 Dungeon Crawl Stone Soup version 0.29.1-1-gd02db6906a (webtiles) character file.

Game seed: 1389333040390480728

625784 wingedge the Sorcerer (level 26, -1/153 HPs)
             Began as a Deep Elf Ice Elementalist on Sept 17, 2022.
             Was the Champion of Kikubaaqudgha.
             Killed from afar by a hell hog (15 damage)
             ... with a fireball
             ... in the Vestibule of Hell on Sept 21, 2022.
             The game lasted 10:01:48 (74316 turns).

wingedge the Sorcerer (Deep Elf Ice Elementalist)  Turns: 74316, Time: 10:01:49

Health: -1/153     AC: 16    Str:  4      XL:     26   Next: 7%
Magic:  19/49      EV: 31    Int: 48 (50) God:    Kikubaaqudgha [******]
Gold:   1935       SH: 15    Dex: 36      Spells: 2/77 levels left

rFire   + . .      SeeInvis .   b - +6 double sword (spect)
rCold   + + .      Faith    .   V - +2 buckler of a bazaar {Int+4 Slay+2}
rNeg    . . .      Spirit   .   G - +3 leather armour {Will+}
rPois   +          Reflect  +   i - +0 hat of Sunlight {rElec Will+ Str-5 Dex+8}
rElec   +          Harm     .   S - +2 cloak "Qiofufol" {rC++ Will- rCorr Dex+9}
rCorr   +          Rampage  .   H - +2 pair of gloves
Will    ++++.                   v - +2 pair of boots
Stlth   +++.......              W - amulet of the Hart {Reflect Will+ SH+5}
HPRegen 0.35/turn               z - ring "Ritsorat" {rPois rCorr Int+9 Dex-2 Stlth-}
MPRegen 0.31/turn               q - ring of the Locust {Int+10 Dex+6}

@: death channelling, studying 3 skills
A: fire resistance 1, low MP 1, weak 1
}: 5/15 runes: decaying, slimy, silver, abyssal, gossamer
a: Renounce Religion, Unearth Wretches, Torment


You were in the Vestibule of Hell.
You worshipped Kikubaaqudgha.
Kikubaaqudgha was exalted by your worship.
You visited 12 branches of the dungeon, and saw 51 of its levels.
You visited the Abyss 1 time.
You also visited: Gauntlet and Wizlab.

You collected 7634 gold pieces.
You spent 5699 gold pieces at shops.

Inventory:

Hand Weapons
 a - a +9 hand crossbow of pain
 b - a +6 spectral double sword (weapon)
 h - a +4 double sword of draining
 p - the +5 sling of the Lettuce {venom, rPois Will- Int+9 SInv}
   (You found it on level 2 of the Dungeon)

   Any ammunition fired from it poisons the flesh of those it strikes.
   Int:       It affects your intelligence (+9).
   rPois:     It protects you from poison.
   SInv:      It lets you see invisible.
   Will:      It decreases your willpower.
 y - the +8 autumn katana {vorpal, manifold assault}
   (You found it on level 3 of the Crypt)

   It sometimes launches melee attacks against multiple visible enemies.
Armour
 i - the +0 hat of Sunlight (worn) {rElec Will+ Str-5 Dex+8}
   (You acquired it on level 11 of the Dungeon)

   Str:       It affects your strength (-5).
   Dex:       It affects your dexterity (+8).
   rElec:     It insulates you from electricity.
   Will:      It increases your willpower.
 s - a +3 leather armour of fire resistance
 v - a +2 pair of boots (worn)
 x - the +0 pair of boots "Ylextop" {rElec rC- Regen+ Str-3}
   (You found it on level 1 of the Depths)

   Str:       It affects your strength (-3).
   rC:        It makes you vulnerable to cold.
   rElec:     It insulates you from electricity.
   Regen:     It increases your rate of health regeneration.
 G - a +3 leather armour of willpower (worn)
 H - a +2 pair of gloves (worn)
 S - the +2 cloak "Qiofufol" (worn) {rC++ Will- rCorr Dex+9}
   (You bought it in a shop on level 1 of the Elven Halls)

   Dex:       It affects your dexterity (+9).
   rC:        It greatly protects you from cold.
   rCorr:     It protects you from acid and corrosion.
   Will:      It decreases your willpower.
 V - the +2 buckler of a bazaar (worn) {Int+4 Slay+2}
   (You acquired it on level 6 of the Dungeon)

   Int:       It affects your intelligence (+4).
   Slay:      It affects your accuracy & damage with ranged weapons and melee
   (+2).
 X - a +2 helmet of see invisible
Magical Staves
 c - a staff of cold
 d - a staff of death
 e - a staff of earth
 o - a staff of conjuration
 r - a staff of fire
Jewellery
 q - the ring of the Locust (right hand) {Int+10 Dex+6}
   (You found it on level 3 of the Dungeon)

   [ring of dexterity]

   Int:       It affects your intelligence (+10).
   Dex:       It affects your dexterity (+6).
 w - the ring of Ignis's Fury {Fly rElec rF+ rN+ Slay-2}
   (You acquired it on level 5 of the Vaults)

   [ring of protection from fire]

   Slay:      It affects your accuracy & damage with ranged weapons and melee
   (-2).
   rF:        It protects you from fire.
   rElec:     It insulates you from electricity.
   rN:        It protects you from negative energy.
   Fly:       It grants you flight.
 z - the ring "Ritsorat" (left hand) {rPois rCorr Int+9 Dex-2 Stlth-}
   (You found it in a Gauntlet)

   [ring of resist corrosion]

   Int:       It affects your intelligence (+9).
   Dex:       It affects your dexterity (-2).
   rPois:     It protects you from poison.
   rCorr:     It protects you from acid and corrosion.
   Stlth:     It makes you less stealthy.
 I - an amulet of regeneration
 W - the amulet of the Hart (around neck) {Reflect Will+ SH+5}
   (You found it on level 1 of the Swamp)

   [amulet of reflection]

   It reflects blocked missile attacks.
   SH:        It affects your SH (+5).
   Will:      It increases your willpower.
Wands
 R - a wand of digging (12)
Scrolls
 j - 9 scrolls of summoning
 k - 5 scrolls of magic mapping
 l - 3 scrolls of blinking
 u - 8 scrolls of amnesia
 C - 3 scrolls of enchant armour
 J - 4 scrolls of butterflies
 O - 22 scrolls of teleportation
 P - 22 scrolls of fear
 Q - 4 scrolls of torment
Potions
 m - 18 potions of curing
 n - 9 potions of brilliance
 A - 7 potions of resistance
 B - 9 potions of haste
 D - 8 potions of mutation
 E - 6 potions of might
 F - 2 potions of magic
 L - 13 potions of heal wounds
 M - 10 potions of flight
 N - 7 potions of cancellation
 T - 6 potions of ambrosia
 U - 4 potions of invisibility
Miscellaneous
 t - a box of beasts
 Y - a phantom mirror


   Skills:
 - Level 17.0 Fighting
 - Level 5.0(11.0) Short Blades
 + Level 13.9(14.2) Long Blades
 - Level 16.0 Ranged Weapons
 - Level 6.0 Armour
 - Level 17.0 Dodging
 - Level 4.0 Stealth
 - Level 6.0 Shields
 - Level 26.0 Spellcasting
 - Level 15.0 Conjurations
 - Level 4.0 Hexes
 - Level 7.0 Summonings
 - Level 18.0 Necromancy
 - Level 11.0 Transmutations
 - Level 15.0 Fire Magic
 - Level 5.0 Ice Magic
 - Level 16.0 Earth Magic
 - Level 1.0 Evocations


You had 2 spell levels left.
You knew the following spells:

 Your Spells              Type           Power      Damage    Failure   Level
a - Death Channel         Necr           62%        N/A       1%          6
b - Irradiate             Conj/Tmut      56%        3d30      1%          5
c - Sublimation of Blood  Necr           100%       N/A       0%          2
d - Spellforged Servitor  Conj/Summ      53%        N/A       3%          7
e - Necromutation         Tmut/Necr      58%        N/A       7%          8
f - Portal Projectile     Hex/Tloc       100%       N/A       1%          3
g - Yara's Violent Unrav  Hex/Tmut       47%        3d18      1%          5
h - Borgnjor's Vile Clut  Necr/Erth      61%        N/A       0%          5
i - Lee's Rapid Deconstr  Erth           60%        3d29*     0%          5
j - Ozocubu's Armour      Ice            84%        N/A       1%          3
k - Lehudib's Crystal Sp  Conj/Erth      59%        10d14     4%          8
l - Borgnjor's Revivific  Necr           62%        N/A       1%          8
m - Ignition              Fire           58%        3d16      6%          8
w - Wereblood             Tmut           100%       N/A       0%          2

Your spell library contained the following spells:

 Spells                   Type           Power      Damage    Failure   Level
 Magic Dart               Conj           100%       1d8       0%          1
 Necrotise                Necr           100%       1d9       0%          1
 Passwall                 Tmut/Erth      94%        N/A       0%          2
 Scorch                   Fire           100%       2d10      0%          2
 Searing Ray              Conj           100%       2d8       0%          2
 Freeze                   Ice            100%       1d11      1%          1
 Shock                    Conj/Air       100%       1d9       1%          1
 Slow                     Hex            100%       N/A       1%          1
 Sting                    Tmut/Pois      100%       1d8       1%          1
 Summon Small Mammal      Summ           100%       N/A       1%          1
 Blink                    Tloc           100%       N/A       1%          2
 Call Imp                 Summ           92%        N/A       1%          2
 Ensorcelled Hibernation  Hex/Ice        100%       N/A       1%          2
 Poisonous Vapours        Pois/Air       100%       N/A       1%          2
 Static Discharge         Conj/Air       94%        3-15/arc  1%          2
 Stone Arrow              Conj/Erth      100%       3d13      0%          3
 Vampiric Draining        Necr           100%       2d13      0%          3
 Animate Dead             Necr           100%       N/A       0%          4
 Dispel Undead            Necr           100%       3d31      0%          4
 Petrify                  Tmut/Erth      100%       N/A       0%          4
 Sticky Flame             Conj/Fire      100%       2d11      0%          4
 Agony                    Necr           100%       N/A       0%          5
 Call Canine Familiar     Summ           92%        N/A       1%          3
 Confusing Touch          Hex            79%        N/A       1%          3
 Dazzling Flash           Conj/Hex       100%       N/A       1%          3
 Frozen Ramparts          Ice            100%       1d16      1%          3
 Spider Form              Tmut/Pois      86%        N/A       1%          3
 Swiftness                Air            58%        N/A       1%          3
 Anguish                  Hex/Necr       53%        N/A       1%          4
 Animate Armour           Summ/Erth      100%       N/A       1%          4
 Corpse Rot               Necr/Pois/Air  88%        N/A       1%          4
 Fulminant Prism          Conj/Hex       50%        3d23      1%          4
 Hailstorm                Conj/Ice       100%       3d20      1%          4
 Ice Form                 Ice/Tmut       95%        N/A       1%          4
 Iskenderun's Mystic Bla  Conj/Tloc      94%        2d18      1%          4
 Leda's Liquefaction      Hex/Erth       51%        N/A       1%          4
 Summon Ice Beast         Ice/Summ       88%        N/A       1%          4
 Summon Lightning Spire   Summ/Air       77%        N/A       1%          4
 Alistair's Intoxication  Tmut/Pois      57%        N/A       1%          5
 Blade Hands              Tmut           53%        N/A       1%          5
 Freezing Cloud           Conj/Ice/Air   45%        6-21      1%          5
 Iskenderun's Battlesphe  Conj           100%       2d15      1%          5
 Lightning Bolt           Conj/Air       47%        1d67      1%          5
 Summon Mana Viper        Hex/Summ       86%        N/A       1%          5
 Iron Shot                Conj/Erth      59%        9d11      1%          6
 Simulacrum               Ice/Necr       53%        N/A       1%          6
 Starburst                Conj/Fire      58%        6d16      1%          6
 Statue Form              Tmut/Erth      75%        N/A       1%          6
 Haunt                    Necr/Summ      55%        N/A       1%          7
 Summon Forest            Summ/Tloc      38%        N/A       2%          5
 Conjure Ball Lightning   Conj/Air       47%        3x3d16    3%          6
 Summon Cactus Giant      Summ           46%        N/A       3%          6
 Dragon Form              Tmut           53%        N/A       3%          7
 Airstrike                Air            29%        2d(5-21)  4%          4
 Olgreb's Toxic Radiance  Pois           58%        N/A       4%          4
 Passage of Golubria      Tloc           58%        N/A       4%          4
 Silence                  Hex/Air        34%        N/A       4%          5
 Eringya's Noxious Bog    Tmut/Pois      43%        N/A       7%          6
 Monstrous Menagerie      Summ           46%        N/A       21%         7
 Summon Hydra             Summ           46%        N/A       21%         7
 Death's Door             Necr           62%        N/A       26%         9
 Storm Form               Tmut/Air       43%        N/A       36%         7
 Ozocubu's Refrigeration  Ice            42%        4d16      41%         7
 Dispersal                Tloc           29%        N/A       54%         6
 Enfeeble                 Hex            39%        N/A       56%         7
 Malign Gateway           Summ/Tloc      38%        N/A       63%         7
 Discord                  Hex            39%        N/A       99%         8
 Disjunction              Tloc           29%        N/A       100%        8
 Maxwell's Capacitive Co  Air            29%        ∞         100%        8
 Chain Lightning          Conj/Air       47%        3d62      100%        9
 Polar Vortex             Ice            42%        N/A       100%        9


Dungeon Overview and Level Annotations

Branches:
Dungeon (15/15)            Temple (1/1) D:4            Lair (5/5) D:11
  Swamp (4/4) Lair:2       Spider (4/4) Lair:3        Slime (5/5) Lair:4
    Orc (2/2) D:12            Elf (3/3) Orc:2        Vaults (5/5) D:14
  Crypt (3/3) Vaults:2       Tomb (0/3) Crypt:3      Depths (3/4) D:15
   Hell (1/1)              WizLab (visited)         Gauntlet (visited)
    Dis: Hell:1         Geh: Hell:1         Coc: Hell:1         Tar: Hell:1

Altars:
Ashenzari
Cheibriados
Dithmenos
Elyvilon
Fedhas
Gozag
Hepliaklqana
Kikubaaqudgha
Makhleb
Nemelex Xobeh
Okawaru
Qazlal
Ru
Sif Muna
Trog
Uskayaw
Vehumet
Wu Jian
Xom
Yredelemnul
Zin
The Shining One

Shops:
D:12 *   Orc:1 (   Orc:2 !(!=!   Elf:1 ([!?   Elf:3 =::   Vaults:3 *
Vaults:4 :*?*   Depths:2 :

Portals:
Hell: Depths:1 Depths:2 Depths:3
Abyss: Depths:3
Pandemonium: Depths:1 Depths:2 Depths:3
Ziggurat: Depths:1
Trove: D:10 (give horn of Geryon)


Innate Abilities, Weirdness & Mutations

Your flesh is heat resistant. (rF+)
Your magical capacity is low. (-10% MP)
You are weak. (Str -2)


Message History

The fireball engulfs the soul eater!!
You kill the soul eater!
Kikubaaqudgha accepts your kill.
The fireball engulfs the soul eater!
The soul eater is severely wounded.
The fireball engulfs the reaper!
You kill the reaper!
Kikubaaqudgha accepts your kill.
The fireball engulfs the hell hog.
The hell hog completely resists.
The fireball engulfs the hell hog.
The hell hog completely resists.
The fireball engulfs the war gargoyle!
The war gargoyle resists.
The war gargoyle is moderately damaged.
The fireball engulfs the iron dragon!
The iron dragon resists.
The iron dragon is lightly wounded.
The fireball engulfs the rust devil.
The rust devil completely resists.
The fireball engulfs the war gargoyle.
The war gargoyle resists.
The war gargoyle is moderately damaged.
The fireball engulfs the rust devil.
The rust devil completely resists.
The fireball engulfs the iron dragon!
The iron dragon resists.
The iron dragon is moderately wounded.
The fireball engulfs the soul eater!!!
You kill the soul eater!
Kikubaaqudgha accepts your kill.
The fireball engulfs the hell hog.
The hell hog completely resists.
The fireball engulfs the hell hog.
The hell hog completely resists.
A glowing mist starts to gather... x3
You hear a roar!
Something hits your spectral reaper but does no damage.
Something hits your spectral reaper!!
Unknown command.
You feel yourself come back to life. The hell hog breathes fire at you.
The fireball explodes!
The fireball engulfs you! You resist.
* * * LOW HITPOINT WARNING * * *
Something hits your spectral reaper!!
Your spectral soul eater hits the eight-headed hydra zombie.
The hell hog breathes fire at you.
The fireball explodes!
The fireball engulfs you! You resist.
You die...
Kikubaaqudgha rasps: "You have failed me!
Welcome... death!"

..... .44. ...#
#.9D# ##4... ##
##...#...##
##.........##
#..@#.∩.#...##
#.............##
#.h.#...#.Z.#...#
....h...Z.ZZ.......
....#.∩Z#...#.∩.#..
........Z.Z.ZZ.Z...
.##...#†Z.#)..#...#
#...†.)Z...Z..#
##...#.∩.#...##


You could see an iron dragon, 2 hell hogs, a war gargoyle, 3 rust devils, 2
eight-headed hydra zombies, a seven-headed hydra skeleton, a friendly spectral
hell rat, 2 friendly spectral reapers, 3 friendly spectral soul eaters, 2
friendly spectral sun demons and the friendly Geryon the spectre.

Vanquished Creatures
  the Royal Jelly (Slime:5)
  Dissolution (Slime:3)
  2 dread liches
  2 ancient liches
  Mennas (Crypt:1)
  A royal mummy (Depths:2)
  Frederick (Vaults:3)
  Bai Suzhen (Elf:3)
  Saint Roka (Elf:3)
  Geryon (Hell)
  2 golden dragons
  Jory (Vaults:2)
  2 bone dragons
  A hellephant (Depths:2)
  Rupert (D:12)
  Zenata (Elf:3)
  3 tentacled monstrosities (Vaults:5)
  5 liches
  2 walking crystal tomes (Depths:1)
  4 titans
  A Hell Sentinel (Abyss:2)
  A deep elf blademaster (Elf:3)
  A deep elf master archer (Elf:3)
  A quicksilver dragon (Vaults:5)
  4 walking divine tomes (Depths:1)
  12 acid blobs
  10 tentacled starspawn
  9 ancient champions
  2 Executioners (Abyss:2)
  Kirke (D:15)
  7 sphinxes
  5 shadow dragons
  6 rockslimes
  Gastronok (Orc:1)
  6 tengu reavers
  2 storm dragons (Depths:2)
  5 revenants
  7 fire giants
  13 azure jellies
  An iron dragon (Depths:3)
  5 frost giants
  A nargun (Depths:1)
  8 deep elf sorcerers
  4 emperor scorpions (Spider:4)
  2 cacodemons
  2 caustic shrike zombies (WizLab)
  A spectral caustic shrike (WizLab)
  An orc warlord (Vaults:3)
  Louise (Elf:2)
  A ghost moth (Spider:4)
  10 vault wardens
  12 ghouls
  3 spriggan defenders
  2 curse skulls
  3 deep elf elementalists (Elf:3)
  4 juggernaut zombies (Depths:3)
  3 war gargoyles
  3 reapers
  14 quicksilver oozes
  An ophan (Abyss:2)
  13 ironbound preservers
  16 very ugly things
  A juggernaut skeleton (Crypt:3)
  3 ironbound thunderhulks
  4 deep elf demonologists
  Nessos (Lair:3)
  2 broodmothers
  9 stone giants
  3 vampire knights
  A green draconian (Abyss:2)
  5 deep elf annihilators
  An eleionoma (Swamp:1)
  4 dire elephants
  A red draconian (Abyss:2)
  An entropy weaver (Spider:2)
  9 bunyips
  A minotaur (Gauntlet)
  4 halazid warlocks (WizLab)
  A spark wasp (Depths:2)
  5 ettins
  A blizzard demon (Abyss:2)
  A very ugly thing zombie (Vaults:4)
  8 jiangshi
  A green death (Abyss:2)
  12 deep elf death magi
  5 eidola
  9 yaktaur captains
  2 quicksilver dragon zombies
  3 rakshasas
  8 great orbs of eyes
  9 deep elf high priests
  29 vault guards
  3 fire dragons
  2 ogre magi (Orc:2)
  11 hydras
  4 spriggan air magi
  2 ghost crabs
  Harold (D:9)
  5 boulder beetles
  A peacekeeper (Vaults:3)
  A jorogumo (Spider:4)
  8 centaur warriors
  2 spriggan skeletons
  A radroach (Spider:3)
  An Orb Guardian zombie (Crypt:1)
  5 ironbound frosthearts
  34 dancing weapons
  10 two-headed ogres
  A catoblepas (D:15)
  2 alligators (Swamp:3)
  2 death knights
  A hell hog (Depths:1)
  5 tengu warriors
  2 thrashing horrors
  4 deep troll shamans
  4 death scarabs (Depths:2)
  3 deep troll earth magi
  An orc high priest (Orc:1)
  3 vampire magi
  Urug (Lair:2)
  A titan zombie (Depths:3)
  17 deep elf knights
  A satyr (shapeshifter) (Vaults:5)
  5 death yaks
  7 sun demons
  3 spriggan berserkers (Depths:2)
  3 wretched stars (Abyss:2)
  7 soul eaters
  3 golden dragon zombies (Depths:3)
  A storm dragon zombie (Depths:3)
  2 fire crabs
  2 shadow wraiths (Crypt:3)
  11 skeletal warriors
  A sixfirhy (Abyss:2)
  2 goliath frogs
  3 spriggan druids
  A spatial maelstrom (Abyss:3)
  3 iron trolls
  A spark wasp zombie (WizLab)
  3 bog bodies
  4 flayed ghosts
  4 pharaoh ants
  3 orange crystal statues
  4 swamp dragons
  3 spriggan riders
  A steelbarb worm (Spider:2)
  A spectral hydra (Swamp:4)
  33 deep trolls
  Pikel (D:9)
  8 deep elf archers
  15 ironbound convokers
  5 wizards
  5 orb spiders
  10 harpies
  4 lindwurms
  4 glowing orange brains
  10 phantasmal warriors
  33 deep elf pyromancers
  5 necromancers
  An ugly thing zombie (D:14)
  2 orc sorcerers
  2 shadow dragon zombies (Depths:3)
  An orc knight (D:15)
  8 wolf spiders
  A fire giant zombie (Depths:3)
  An oklob plant (Lair:3)
  10 cyclopes
  35 ugly things
  7 shining eyes
  21 deep elf zephyrmancers
  A wolf spider zombie (WizLab)
  A will-o-the-wisp (Abyss:2)
  A spectral spriggan (WizLab)
  A worldbinder (Abyss:2)
  A manticore (D:14)
  2 dire elephant zombies
  4 black mambas
  2 guardian serpents
  A naga zombie (Abyss:2)
  3 centaur zombies
  2 apocalypse crabs (Abyss:2)
  Maurice (D:9)
  6 smoke demons
  2 rust devils (Abyss:2)
  3 orange demons
  2 torpor snails
  4 eyes of devastation
  2 elephants (Lair:3)
  13 vault sentinels
  2 gargoyles
  A titan simulacrum (Crypt:1)
  A cane toad (shapeshifter) (Vaults:1)
  A stone giant skeleton (Crypt:2)
  23 large abominations
  2 kobold demonologists (D:11)
  3 swamp worm zombies
  2 centaur skeletons
  3 unseen horrors
  A redback zombie (Crypt:2)
  5 cane toads
  A guardian mummy (Crypt:3)
  5 hellions
  4 rime drakes
  2 efreet (D:15)
  4 demonic crawlers
  5 komodo dragons
  A nameless horror (Depths:2)
  3 tengu conjurers
  An ice devil (Hell)
  A rime drake (shapeshifter) (Vaults:5)
  A pale draconian skeleton (Crypt:2)
  12 yaktaurs
  7 trolls
  A yellow draconian skeleton (Crypt:3)
  4 harpy zombies
  A sea snake skeleton (Crypt:3)
  4 hellwings (Abyss:2)
  2 freezing wraiths
  A spectral harpy (WizLab)
  2 ancient zymes (Abyss:3)
  2 bloated husks (Swamp:4)
  A meliai (Spider:4)
  3 polar bears
  15 tarantellas
  A hydra skeleton (Abyss:2)
  9 raiju (Abyss:2)
  A moth of wrath zombie (Crypt:2)
  4 spriggan zombies
  11 blink frogs
  A raiju (shapeshifter) (D:13)
  68 slime creatures
  A spectral swamp dragon (Swamp:4)
  3 hornets
  A harpy skeleton (Abyss:2)
  2 dream sheep (Lair:5)
  7 tyrant leeches
  7 culicivoras
  An ettin zombie (Depths:1)
  13 jumping spiders
  16 flying skulls
  35 starcursed masses
  2 vampires
  A jumping spider (shapeshifter) (D:14)
  4 centaur simulacra
  An ice dragon skeleton (Abyss:2)
  3 air elementals
  2 shadows
  5 ynoxinuls
  4 wyverns
  3 water elementals
  A yak (shapeshifter) (Abyss:2)
  A fire dragon skeleton (Crypt:3)
  A tyrant leech zombie (Crypt:3)
  17 wraiths
  31 yaks
  A spriggan (Swamp:3)
  8 basilisks
  7 fire bats
  5 hogs (D:15)
  7 golden eyes
  A human (D:15)
  3 chaos spawn
  6 neqoxecs
  A steam dragon (D:8)
  12 redbacks
  7 vampire mosquitoes
  A deep troll zombie (Vaults:5)
  12 swamp worms
  2 spatial vortices (Abyss:3)
  2 wargs
  2 glowing shapeshifter zombies (Depths:3)
  A faun zombie (Crypt:3)
  15 water moccasins
  4 acid dragons
  5 hell hounds
  A fire bat skeleton (Crypt:1)
  2 swamp drakes
  4 elf zombies
  4 sky beasts
  2 swamp dragon zombies (Swamp:4)
  An elephant zombie (Lair:3)
  12 orc warriors
  An ice beast (Abyss:2)
  2 black bears (D:11)
  A snapping turtle skeleton (Crypt:2)
  A dream sheep skeleton (Crypt:1)
  9 wolves
  6 centaurs
  22 ogres
  2 phantoms
  A golden eye zombie (Crypt:1)
  A hog skeleton (Crypt:1)
  35 small abominations
  7 kobold brigands
  2 salamander zombies
  7 necrophages
  Blork the orc (D:5)
  2 gnoll sergeants
  8 bullfrogs
  2 earth elementals (Elf:1)
  7 wights
  A raiju zombie (Crypt:1)
  2 yak zombies (Lair:5)
  6 killer bees
  A shapeshifter skeleton (Crypt:2)
  A troll skeleton (Crypt:2)
  A yak skeleton (Crypt:3)
  An electric eel (Spider:4)
  11 howler monkeys
  3 crimson imps (Abyss:2)
  4 quasits
  2 hounds (D:6)
  3 jellies
  A gnoll bouda (D:10)
  2 iron imps (Abyss:2)
  8 orc priests
  A bullfrog skeleton (Crypt:1)
  A human skeleton (Crypt:2)
  3 spectral swamp drakes (Swamp:4)
  Natasha (thrice) (D:2)
  11 iguanas
  18 orc wizards
  9 hell rats (Hell)
  An ogre skeleton (Crypt:3)
  12 mummies (Crypt:3)
  Robin (D:3)
  20 gnolls
  A howler monkey skeleton (Crypt:3)
  5 adders
  5 shadow imps
  8 white imps
  2 ufetubi
  An orc zombie (D:14)
  3 worms
  A dart slug (D:1)
  48 orcs
  8 endoplasms
  2 giant cockroaches
  10 goblins
  7 hobgoblins
  9 kobolds
  4 quokkas
  7 ball pythons
  4 bats
  A dart slug zombie (Crypt:1)
  A frilled lizard (D:1)
  A kobold skeleton (Crypt:2)
  5 rats
  A river rat skeleton (Crypt:1)
  A spectral orc (D:8)
  7 butterflies (Vaults:1)
  9 starspawn tentacles
  2 toadstools (D:7)
1783 creatures vanquished.

Vanquished Creatures (collateral kills)
  An ancient lich (Vaults:5)
  Asterion (Vaults:1)
  3 titans (Vaults:5)
  15 acid blobs
  A deep elf blademaster (Depths:2)
  An ancient champion (WizLab)
  2 sphinxes (Vaults:5)
  A thorn hunter (Swamp:3)
  4 shadow dragons (Vaults:5)
  Roxanne (Swamp:3)
  7 rockslimes
  5 tengu reavers
  A fenstrider witch (Swamp:4)
  A fire giant (Depths:3)
  A deep elf sorcerer (Depths:2)
  2 emperor scorpions (Spider:4)
  4 vault wardens
  A ghost moth (Spider:4)
  2 juggernaut zombies (Depths:3)
  2 frost giants
  4 ghouls
  A caustic shrike zombie (Crypt:1)
  4 very ugly things
  A broodmother (Spider:2)
  3 spriggan defenders
  An ironbound thunderhulk (Vaults:4)
  7 ironbound preservers
  2 stone giants
  2 quicksilver oozes
  A deep elf annihilator (Vaults:5)
  An eleionoma (Swamp:2)
  An entropy weaver (Spider:4)
  5 dire elephants (Vaults:1)
  A bunyip (Swamp:3)
  A spark wasp (Spider:4)
  A bunyip (shapeshifter) (Vaults:5)
  An eidolon (WizLab)
  A very ugly thing zombie (Vaults:4)
  Josephine (Lair:3)
  A yaktaur captain (Vaults:1)
  2 vault guards (D:14)
  4 great orbs of eyes
  10 boulder beetles
  An ironbound frostheart (Vaults:1)
  A spriggan air mage (Depths:2)
  4 ogre magi
  5 ghost crabs
  3 centaur warriors (Vaults:3)
  9 two-headed ogres
  4 hydras
  A radroach (Spider:4)
  7 alligators
  3 death yaks
  A death scarab (Depths:2)
  A tengu warrior (Depths:2)
  A titan zombie (Depths:3)
  A deep troll shaman (Depths:2)
  A spriggan berserker (Depths:3)
  A deep elf knight (Vaults:3)
  A storm dragon zombie (Depths:3)
  3 sun demons
  A shadow wraith (Vaults:5)
  A sun moth (Spider:4)
  A death drake (Swamp:3)
  2 skeletal warriors
  3 steelbarb worms
  16 deep trolls
  2 goliath frogs
  A pharaoh ant (Spider:3)
  A large abomination (Abyss:2)
  A spriggan rider (Swamp:3)
  A swamp dragon (Swamp:3)
  A bog body (Swamp:4)
  An orb spider (Spider:4)
  3 deep elf archers
  2 lindwurms (Vaults:2)
  A wizard (Vaults:4)
  A shadow dragon zombie (Depths:3)
  5 phantasmal warriors
  2 sphinx zombies (Depths:3)
  3 orc knights (Vaults:5)
  6 deep elf zephyrmancers
  A shining eye (Slime:5)
  9 wolf spiders
  6 harpies
  6 deep elf pyromancers
  A frost giant zombie (Depths:3)
  3 will-o-the-wisps (Swamp:2)
  A wolf spider zombie (Spider:2)
  A salamander (Depths:1)
  An orc sorcerer (Vaults:5)
  2 cyclopes
  7 elephants
  3 manticores
  An iron dragon zombie (Depths:3)
  11 ugly things
  2 moths of wrath
  2 black mambas
  7 vault sentinels
  A gargoyle (D:11)
  A torpor snail (Lair:3)
  A naga skeleton (Crypt:1)
  4 rime drakes (Lair:5)
  3 demonic crawlers (Spider:4)
  3 cane toads
  3 freezing wraiths
  A kobold demonologist (D:11)
  3 swamp worm zombies (Swamp:4)
  3 komodo dragons
  7 yaktaurs
  2 meliai (Spider:4)
  A troll (Orc:1)
  5 tyrant leeches
  2 bloated husks
  8 tarantellas
  2 hornets
  A hydra zombie (Swamp:4)
  A dream sheep (Lair:5)
  A harpy skeleton (Crypt:1)
  7 blink frogs
  42 slime creatures
  2 spectral swamp dragons (Swamp:4)
  A jumping spider zombie (Spider:2)
  4 culicivoras
  A spriggan (Swamp:2)
  9 jumping spiders
  2 centaur simulacra (D:14)
  A shadow (D:11)
  24 yaks
  A hog (shapeshifter) (Vaults:5)
  3 golden eyes
  30 redbacks
  5 wraiths (Lair:3)
  A fire elemental (Elf:2)
  4 vampire mosquitoes
  3 wyverns
  A warg (Vaults:5)
  A deep troll zombie (Vaults:5)
  8 swamp worms
  2 acid dragons (Lair:5)
  3 water moccasins
  3 swamp drakes
  5 orc warriors
  3 swamp dragon zombies (Swamp:4)
  An ice beast (D:8)
  A black bear (shapeshifter) (D:14)
  3 wolves
  11 ogres
  2 phantoms (Swamp:4)
  A necrophage (Swamp:4)
  5 bullfrogs
  A gnoll sergeant (D:7)
  An earth elemental (Elf:3)
  A scorpion (D:7)
  A howler monkey (D:4)
  2 jellies
  2 hell rats (Hell)
  An iguana (Lair:5)
  6 orc wizards
  A spectral swamp drake (Swamp:4)
  3 gnolls
  22 orcs
  3 goblins (D:3)
  4 kobolds
  A rat (D:1)
  A bush (Lair:3)
  9 butterflies (Vaults:1)
  A toadstool (D:7)
582 creatures vanquished.

Vanquished Creatures (others)
  A bone dragon (Swamp:4)
  A fire giant (Depths:2)
  An emperor scorpion (Spider:4)
  2 rockslime zombies
  A very ugly thing zombie (Vaults:3)
  7 acid blob zombies
  A fire dragon (Lair:5)
  A great orb of eyes (Crypt:1)
  A salamander tyrant (Depths:2)
  3 azure jelly zombies
  4 titan zombies (Vaults:5)
  2 deep elf knights
  7 quicksilver ooze zombies
  A death drake (Crypt:1)
  A spark wasp zombie (Spider:4)
  An entropy weaver zombie (Spider:4)
  3 bunyip zombies
  A tengu zombie (Vaults:5)
  2 sphinx zombies (Vaults:5)
  2 shadow dragon zombies (Vaults:5)
  A jorogumo zombie (Spider:4)
  A broodmother zombie (Crypt:1)
  A deep elf pyromancer (Crypt:1)
  13 ugly thing zombies
  A fire giant zombie (Vaults:5)
  A wolf spider (Gauntlet)
  5 wolf spider zombies
  2 stone giant zombies (Vaults:1)
  A faun (Gauntlet)
  A frost giant zombie (Vaults:5)
  2 dire elephant zombies (Vaults:1)
  A rime drake (D:14)
  2 swamp worm zombies
  A death drake zombie (Crypt:1)
  11 redback zombies
  4 harpy zombies (Vaults:2)
  3 hydra zombies
  A moth of wrath zombie (Spider:4)
  2 bloated husks
  2 culicivora zombies
  A tarantella (Spider:4)
  4 jumping spider zombies
  3 tarantella zombies
  A raiju (Abyss:2)
  An alligator zombie (Swamp:4)
  3 meliai zombies (Spider:4)
  A radroach zombie (Spider:4)
  A great orb of eyes zombie (Crypt:1)
  2 boulder beetle zombies
  A black mamba zombie (Lair:2)
  A wyvern (Lair:2)
  44 slime creature zombies
  A tyrant leech zombie (Swamp:4)
  2 fire bat zombies (Gauntlet)
  5 deep troll zombies
  2 water moccasins (Lair:2)
  5 two-headed ogre zombies
  27 elf zombies
  A swamp drake (Swamp:3)
  A swamp dragon zombie (Swamp:4)
  A manticore zombie (D:14)
  An elephant zombie (Lair:3)
  2 hornet zombies
  A ghost crab zombie (Swamp:4)
  5 blink frog zombies (Lair:5)
  38 human zombies
  3 vampire mosquito zombies
  5 rime drake zombies
  A fire crab zombie (Gauntlet)
  4 yaktaur zombies
  A komodo dragon zombie (D:12)
  A cyclops zombie (D:14)
  A wyvern zombie (Lair:2)
  A hell hound zombie (Gauntlet)
  2 water moccasin zombies (Lair:2)
  3 spriggan zombies
  2 warg zombies
  2 troll zombies (D:12)
  5 yak zombies
  A killer bee (D:10)
  A wolf zombie (D:11)
  7 centaur zombies
  2 bullfrog zombies
  3 killer bee zombies (D:10)
  A sky beast zombie (D:6)
  15 ogre zombies
  A howler monkey zombie (D:7)
  2 gnolls
  A swamp drake zombie (Swamp:4)
  An adder zombie (D:6)
  3 iguana zombies
  2 jelly zombies
  An orc (D:8)
  8 gnoll zombies
  A giant cockroach zombie (D:3)
  4 goblin zombies (D:3)
  2 hobgoblin zombies (D:3)
  5 kobold zombies
  23 orc zombies
  4 demonic plants (Gauntlet)
  6 foxfires
  70 fungi
  77 plants
  13 starspawn tentacles
  A toadstool (D:7)
540 creatures vanquished.

Grand Total: 2905 creatures vanquished

Notes
Turn   | Place    | Note
-------+----------+-------------------------------------------
     0 | D:1      | wingedge the Deep Elf Ice Elementalist began the quest for
                  | the Orb.
     0 | D:1      | Reached XP level 1. HP: 10/10 MP: 6/6
   534 | D:1      | Reached XP level 2. HP: 16/16 MP: 6/8
   603 | D:1      | Reached skill level 1 in Fighting
   680 | D:1      | Found a faded altar of an unknown god.
   686 | D:1      | Prayed at the altar of an unknown god.
   686 | D:1      | Became a worshipper of Kikubaaqudgha
   686 | D:1      | Reached * piety under Kikubaaqudgha
   686 | D:1      | Received a gift from Kikubaaqudgha
   689 | D:1      | Learned a level 1 spell: Necrotise
   875 | D:1      | Reached skill level 1 in Necromancy
  1207 | D:1      | Reached XP level 3. HP: 20/20 MP: 3/9
  1343 | D:1      | Learned a level 3 spell: Frozen Ramparts
  1954 | D:2      | Reached ** piety under Kikubaaqudgha
  2017 | D:2      | Noticed Natasha
  2055 | D:2      | Killed Natasha
  2056 | D:2      | Reached XP level 4. HP: 22/25 MP: 3/10
  2136 | D:2      | Learned a level 4 spell: Animate Dead
  2225 | D:2      | Found a hide-covered altar of Uskayaw.
  2438 | D:2      | Noticed Natasha
  2447 | D:2      | Killed Natasha
  2561 | D:2      | Reached XP level 5. HP: 29/29 MP: 11/11
  2579 | D:2      | Identified the +5 sling of the Lettuce {venom, rPois Will-
                  | Int+9 SInv}
  2618 | D:2      | Reached skill level 5 in Necromancy
  3051 | D:3      | Noticed Robin
  3074 | D:3      | Reached skill level 1 in Ranged Weapons
  3117 | D:3      | Identified the ring of the Locust {Int+10 Dex+6}
  3290 | D:2      | Noticed Natasha
  3296 | D:2      | Killed Natasha
  3406 | D:3      | Killed Robin
  3684 | D:3      | Your ally Robin died
  3938 | D:4      | Reached skill level 4 in Spellcasting
  3938 | D:4      | Reached XP level 6. HP: 35/35 MP: 5/14
  3951 | D:4      | Reached skill level 1 in Armour
  3967 | D:4      | Found an ornate altar of the Wu Jian Council.
  4003 | D:4      | Learned a level 4 spell: Anguish
  4254 | D:4      | Found an opulent altar of Gozag.
  4264 | D:4      | Reached skill level 1 in Hexes
  4333 | D:4      | Found a staircase to the Ecumenical Temple.
  4356 | Temple   | Entered the Ecumenical Temple
  4774 | D:4      | Reached skill level 5 in Spellcasting
  5190 | D:5      | Entered Level 5 of the Dungeon
  5348 | D:5      | Found a stormy altar of Qazlal.
  5348 | D:5      | Noticed Blork the orc
  5376 | D:5      | Reached XP level 7. HP: 29/40 MP: 7/16
  5935 | D:5      | Killed Blork the orc
  6238 | D:6      | Reached XP level 8. HP: 46/46 MP: 12/18
  6253 | D:6      | Learned a level 1 spell: Slow
  6258 | D:6      | Learned a level 4 spell: Hailstorm
  6282 | D:6      | Reached skill level 6 in Spellcasting
  6282 | D:6      | Reached skill level 1 in Conjurations
  6358 | D:6      | Found a basalt altar of Yredelemnul.
  6408 | D:6      | Noticed a gargoyle
  6415 | D:6      | Reached *** piety under Kikubaaqudgha
  6415 | D:6      | Received a gift from Kikubaaqudgha
  6416 | D:6      | Killed a gargoyle
  6417 | D:6      | Reached skill level 1 in Earth Magic
  6417 | D:6      | Reached skill level 7 in Spellcasting
  6429 | D:6      | Noticed a boulder beetle
  6462 | D:6      | Killed a boulder beetle
  6463 | D:6      | Reached skill level 5 in Dodging
  6463 | D:6      | Reached XP level 9. HP: 23/52 MP: 5/21
  6641 | D:6      | Identified a scroll of acquirement
  6642 | D:6      | Acquired the +2 buckler of a bazaar {Int+4 Slay+2}
  6979 | D:6      | Reached skill level 1 in Shields
  7329 | D:7      | Reached skill level 8 in Spellcasting
  7437 | D:7      | Learned a level 5 spell: Borgnjor's Vile Clutch
  7658 | D:7      | Found a glowing golden altar of the Shining One.
  7900 | D:7      | Reached **** piety under Kikubaaqudgha
  7901 | D:7      | Reached skill level 9 in Spellcasting
  7901 | D:7      | Reached XP level 10. HP: 55/56 MP: 10/25
  8492 | D:8      | Noticed a deep elf pyromancer
  8492 | D:8      | Found a transporter.
  8493 | D:8      | Found a transporter.
  8521 | D:8      | Found a transporter.
  8537 | D:8      | Found a transporter.
  8552 | D:8      | Found a transporter.
  8552 | D:8      | Noticed a boulder beetle
  8619 | D:8      | Found a hide-covered altar of Uskayaw.
  8862 | D:8      | Reached skill level 5 in Fighting
  9094 | D:8      | Found a glowing silver altar of Zin.
  9315 | D:8      | Found a hazy altar of Hepliaklqana.
  9503 | D:9      | Reached skill level 5 in Earth Magic
  9833 | D:9      | Reached skill level 1 in Short Blades
  9916 | D:9      | Learned a level 5 spell: Lee's Rapid Deconstruction
 10073 | D:9      | Found an ancient bone altar of Kikubaaqudgha.
 10142 | D:9      | Found a burning altar of Makhleb.
 10143 | D:9      | Found a white marble altar of Elyvilon.
 10242 | D:9      | Noticed Maurice
 10248 | D:9      | Killed Maurice
 10249 | D:9      | Reached skill level 10 in Spellcasting
 10261 | D:9      | Noticed Pikel
 10266 | D:9      | Killed Pikel
 10267 | D:9      | Reached skill level 11 in Spellcasting
 10267 | D:9      | Reached skill level 5 in Ranged Weapons
 10676 | D:9      | Noticed Harold
 10683 | D:9      | Killed Harold
 10684 | D:9      | Reached XP level 11. HP: 64/64 MP: 24/28
 10927 | D:10     | Entered Level 10 of the Dungeon
 11033 | D:10     | Found a portal to a secret trove of treasure.
 11236 | D:10     | Learned a level 6 spell: Death Channel
 11876 | D:11     | Noticed a four-headed hydra
 11882 | D:11     | Killed a four-headed hydra
 11904 | D:11     | Noticed a boulder beetle
 11910 | D:11     | Noticed a boulder beetle
 11912 | D:11     | Killed a boulder beetle
 11915 | D:11     | Found a gate leading to a gauntlet.
 11919 | D:11     | Killed a boulder beetle
 11928 | Gauntlet | Entered a Gauntlet
 11928 | Gauntlet | Noticed a soul eater
 11928 | Gauntlet | Noticed a wizard
 11928 | Gauntlet | Found a large runed translucent door.
 11928 | Gauntlet | Found a large runed translucent door.
 11928 | Gauntlet | Found a large runed translucent door.
 11928 | Gauntlet | Found a large runed translucent door.
 11928 | Gauntlet | Found a runed translucent door.
 11928 | Gauntlet | Found a large runed translucent door.
 11928 | Gauntlet | Found a large runed translucent door.
 11928 | Gauntlet | Found a transporter.
 11928 | Gauntlet | Found a transporter.
 11928 | Gauntlet | Found a large runed translucent door.
 11928 | Gauntlet | Found a large runed translucent door.
 11928 | Gauntlet | Found a runed translucent gate.
 11928 | Gauntlet | Found a runed translucent gate.
 11928 | Gauntlet | Found a transporter.
 12160 | Gauntlet | Found a runed translucent door.
 12160 | Gauntlet | Found a runed translucent gate.
 12164 | Gauntlet | Found a transporter.
 12166 | Gauntlet | Found a transporter.
 12169 | Gauntlet | Noticed a fire crab
 12171 | Gauntlet | Noticed a hell hog
 12176 | Gauntlet | Found a transporter.
 12177 | Gauntlet | Found the +3 pair of mountain boots {steadfast, rC+}
 12180 | Gauntlet | Found a transporter.
 12182 | Gauntlet | Found a transporter.
 12182 | Gauntlet | Found a transporter.
 12184 | Gauntlet | Found a transporter.
 12194 | Gauntlet | Noticed a reaper
 12196 | Gauntlet | Found a transporter.
 12269 | Gauntlet | Found a large runed translucent door.
 12269 | Gauntlet | Found a large runed translucent door.
 12269 | Gauntlet | Found a large runed translucent door.
 12269 | Gauntlet | Found a large runed translucent door.
 12270 | Gauntlet | Found a large runed translucent door.
 12270 | Gauntlet | Found a large runed translucent door.
 12271 | Gauntlet | Found a large runed translucent door.
 12271 | Gauntlet | Found a large runed translucent door.
 12310 | Gauntlet | Noticed an orange crystal statue
 12362 | Gauntlet | Killed a soul eater
 12363 | Gauntlet | Reached skill level 5 in Ice Magic
 12481 | Gauntlet | Got Sif Muna's Atlas of Venomous Variation
 12498 | Gauntlet | Killed a fire crab
 12539 | Gauntlet | Identified the +1 hat of the Demon Prince {rElec Dex+4}
 12618 | Gauntlet | Found a transporter.
 12622 | Gauntlet | Killed an orange crystal statue
 12739 | Gauntlet | Identified the ring "Ritsorat" {rPois rCorr Int+9 Dex-2
                  | Stlth-}
 12770 | Gauntlet | Found the +10 tower shield of Ignorance {rN+ Int-4}
 12770 | Gauntlet | Noticed a minotaur
 12784 | Gauntlet | Killed a minotaur
 12928 | D:11     | Reached XP level 12. HP: 73/73 MP: 27/29
 12931 | D:11     | Reached skill level 5 in Conjurations
 13324 | D:11     | Acquired the +0 hat of Sunlight {rElec Will+ Str-5 Dex+8}
 13542 | D:11     | Reached skill level 1 in Evocations
 13778 | D:11     | Noticed a boulder beetle
 13784 | D:11     | Killed a boulder beetle
 13785 | D:11     | Noticed a boulder beetle
 13794 | D:11     | Killed a boulder beetle
 13837 | D:11     | Reached ***** piety under Kikubaaqudgha
 14144 | D:11     | Found a staircase to the Lair.
 14147 | D:11     | Identified the +2 leather armour of the Farrier {Str+3}
 14216 | D:11     | Found a runed translucent door.
 14229 | D:11     | Noticed a centaur warrior
 14233 | D:11     | Reached skill level 10 in Dodging
 14237 | D:11     | Killed a centaur warrior
 14255 | D:11     | Got the Papyrus of the Charged Boulder
 14256 | D:11     | Identified the ring of the Solstice {*Slow rC+ Int+5 Dex+2}
 14604 | D:11     | Found a glowing golden altar of the Shining One.
 14647 | Lair:1   | Entered Level 1 of the Lair of Beasts
 14700 | Lair:1   | Reached skill level 12 in Spellcasting
 14783 | Lair:1   | Found a transporter.
 14922 | Lair:1   | Noticed a death yak
 14922 | Lair:1   | Noticed a death yak
 14922 | Lair:1   | Noticed a death yak
 14922 | Lair:1   | Noticed a death yak
 14926 | Lair:1   | Killed a death yak
 14928 | Lair:1   | Noticed a death yak
 14929 | Lair:1   | Killed a death yak
 14930 | Lair:1   | Killed a death yak
 14935 | Lair:1   | Killed a death yak
 14938 | Lair:1   | Killed a death yak
 14939 | Lair:1   | Reached XP level 13. HP: 78/78 MP: 7/31
 15276 | Lair:1   | Learned a level 5 spell: Irradiate
 15290 | Lair:1   | Found a transporter.
 15695 | Lair:1   | Reached skill level 1 in Transmutations
 15705 | Lair:1   | Identified the +8 glaive "Rul Sovai" {spect, Int+2}
 15852 | Lair:2   | Noticed Urug
 15861 | Lair:2   | Killed Urug
 16270 | Lair:2   | Identified the +6 dagger of the People {holy, *Rage Drain
                  | rPois rCorr}
 16753 | Lair:2   | Identified the +1 ring mail of Happy Babbling {Regen+
                  | Dex+3}
 17228 | Lair:2   | Reached skill level 10 in Earth Magic
 17293 | Lair:2   | Reached skill level 5 in Short Blades
 17455 | Lair:2   | Found a staircase to the Swamp.
 17777 | Lair:3   | Found a hole to the Spider Nest.
 17800 | Lair:3   | Noticed Josephine
 17805 | Lair:3   | Killed Josephine
 17996 | Lair:3   | Reached skill level 10 in Conjurations
 18220 | Lair:3   | Noticed Nessos
 18229 | Lair:3   | Killed Nessos
 18248 | Lair:3   | Reached XP level 14. HP: 27/84 MP: 20/32
 18826 | Lair:3   | Acquired a +2 hand crossbow of flaming
 19323 | Lair:4   | Found a staircase to the Slime Pits.
 19365 | Lair:4   | You fall into a shaft and drop 1 floor!
 19365 | Lair:5   | Entered Level 5 of the Lair of Beasts
 19411 | Lair:5   | Reached ****** piety under Kikubaaqudgha
 20521 | Lair:5   | Reached skill level 13 in Spellcasting
 20675 | Lair:5   | Identified the +9 great sword of Contumacious Courage
                  | {venom, Str-3 Int+6 Dex+8 Stlth-}
 21068 | Lair:5   | Reached skill level 14 in Spellcasting
 21244 | Lair:5   | Reached skill level 10 in Ranged Weapons
 21259 | Lair:5   | Got the Volume of Hurtful Kindling
 21737 | D:12     | Found a staircase to the Orcish Mines.
 21770 | D:12     | Noticed Rupert
 21787 | D:12     | Killed Rupert
 22025 | D:12     | Found Moastuf's Assorted Antiques.
 22331 | Orc:1    | Entered Level 1 of the Orcish Mines
 22365 | Orc:1    | Found Pyiteug's Antique Weapon Emporium.
 22527 | Orc:1    | Reached XP level 15. HP: 91/91 MP: 35/35
 22614 | Orc:1    | Noticed Gastronok
 22621 | Orc:1    | Killed Gastronok
 22792 | Orc:2    | Entered Level 2 of the Orcish Mines
 22892 | Orc:2    | Found a staircase to the Elven Halls.
 22914 | Orc:2    | Found Yneyhiaph's Distillery.
 22923 | Orc:2    | Bought a potion of heal wounds for 85 gold pieces
 22923 | Orc:2    | Bought a potion of ambrosia for 136 gold pieces
 22923 | Orc:2    | Bought a potion of berserk rage for 85 gold pieces
 22923 | Orc:2    | Bought a potion of haste for 170 gold pieces
 23049 | Orc:2    | Reached skill level 10 in Fighting
 23307 | Orc:2    | Found Umoip's Antique Weapon Shop.
 23307 | Orc:2    | Found Luimutarr's Jewellery Shoppe.
 23308 | Orc:2    | Found Ywesuan's Distillery.
 23308 | Orc:2    | Found Cakkobru's Distillery.
 23324 | Orc:2    | Bought a potion of lignification for 33 gold pieces
 23324 | Orc:2    | Bought a potion of invisibility for 88 gold pieces
 24018 | D:13     | Learned a level 2 spell: Wereblood
 25181 | D:13     | Learned a level 3 spell: Ozocubu's Armour
 25200 | D:14     | Reached skill level 5 in Armour
 25202 | D:14     | Identified the +8 broad axe of Zausu Wehy {freeze, Str+3
                  | SInv}
 25202 | D:14     | Noticed a frost giant
 25238 | D:14     | Killed a frost giant
 25370 | D:14     | Reached skill level 15 in Spellcasting
 25530 | D:14     | Found a blossoming altar of Fedhas.
 25848 | D:14     | Found a gate to the Vaults.
 26129 | D:14     | Reached XP level 16. HP: 97/97 MP: 19/37
 26675 | D:15     | Entered Level 15 of the Dungeon
 27777 | Swamp:1  | Entered Level 1 of the Swamp
 27802 | Swamp:1  | Reached skill level 16 in Spellcasting
 27939 | Swamp:1  | Identified the +8 falchion of Eternal Vigilance {freeze,
                  | rF+ rC++}
 27977 | Swamp:1  | Identified the amulet of the Hart {Reflect Will+ SH+5}
 29302 | Swamp:3  | Noticed a thorn hunter
 29306 | Swamp:3  | Killed a thorn hunter
 29309 | Swamp:3  | Identified Roxanne's Writings on Shapeshifting
 29309 | Swamp:3  | Noticed Roxanne
 29316 | Swamp:3  | Reached skill level 17 in Spellcasting
 29320 | Swamp:3  | Killed Roxanne
 30036 | Swamp:3  | Learned a level 8 spell: Lehudib's Crystal Spear
 30070 | Swamp:4  | Entered Level 4 of the Swamp
 30837 | Swamp:4  | Reached XP level 17. HP: 85/86 MP: 13/40
 30863 | Swamp:4  | Noticed a bone dragon
 30879 | Swamp:4  | Killed a bone dragon
 30879 | Swamp:4  | HP: 3/86 [spore (41)]
 31910 | Swamp:4  | Got a decaying rune of Zot
 31927 | Swamp:4  | Identified the +9 giant spiked club "Epnal" {vorpal, Drain
                  | Fly MP-9 Str+7}
 32729 | Spider:1 | Entered Level 1 of the Spider Nest
 33146 | Spider:1 | Reached skill level 18 in Spellcasting
 33677 | Spider:1 | Identified the amulet of Sepoi {Reflect Dex+2 SH+5 SInv
                  | Stlth+}
 33947 | Spider:2 | Learned a level 8 spell: Necromutation
 34085 | Spider:2 | Reached skill level 15 in Earth Magic
 35031 | Spider:3 | Reached skill level 19 in Spellcasting
 35215 | Spider:3 | Reached skill level 15 in Conjurations
 35215 | Spider:3 | Reached XP level 18. HP: 107/107 MP: 22/43
 35745 | Spider:4 | Entered Level 4 of the Spider Nest
 35759 | Spider:4 | Reached skill level 5 in Transmutations
 36359 | Spider:4 | Reached skill level 10 in Necromancy
 36373 | Spider:4 | Reached XP level 19. HP: 112/112 MP: 6/44
 36656 | Spider:4 | Got a gossamer rune of Zot
 37023 | Vaults:1 | Entered Level 1 of the Vaults
 37047 | Vaults:1 | Found a huge runed gate.
 37047 | Vaults:1 | Found a huge runed gate.
 37047 | Vaults:1 | Found a huge runed gate.
 37047 | Vaults:1 | Found a huge runed gate.
 37047 | Vaults:1 | Found a huge runed gate.
 37047 | Vaults:1 | Found a huge runed gate.
 37048 | Vaults:1 | Found a huge runed gate.
 37048 | Vaults:1 | Found a huge runed gate.
 37048 | Vaults:1 | Found a huge runed gate.
 37048 | Vaults:1 | Found a huge runed gate.
 37048 | Vaults:1 | Found a huge runed gate.
 37049 | Vaults:1 | Found a huge runed gate.
 37050 | Vaults:1 | Found a huge runed gate.
 37051 | Vaults:1 | Found a huge runed gate.
 37059 | Vaults:1 | Found a huge runed gate.
 37059 | Vaults:1 | Found a huge runed gate.
 37059 | Vaults:1 | Found a huge runed gate.
 37059 | Vaults:1 | Found a huge runed gate.
 37059 | Vaults:1 | Found a huge runed gate.
 37061 | Vaults:1 | Found a huge runed gate.
 37062 | Vaults:1 | Found a huge runed gate.
 37063 | Vaults:1 | Found a huge runed gate.
 37064 | Vaults:1 | Found a huge runed gate.
 37342 | Vaults:1 | Identified the +8 scimitar "Ykufi" {spect, +Blink Str+2}
 37629 | Vaults:1 | Reached skill level 1 in Long Blades
 37737 | Vaults:1 | Noticed Asterion
 37749 | Vaults:1 | Killed Asterion
 38035 | Vaults:1 | Reached skill level 5 in Long Blades
 39519 | Orc:2    | Bought 2 potions of magic for 272 gold pieces
 39553 | Orc:2    | Bought a potion of resistance for 150 gold pieces
 39830 | Vaults:2 | Noticed Jory
 39836 | Vaults:2 | Killed Jory
 40412 | Vaults:2 | Found a staircase to the Crypt.
 40412 | Vaults:2 | Found an ancient bone altar of Kikubaaqudgha.
 40412 | Vaults:2 | Found a basalt altar of Yredelemnul.
 41215 | Vaults:3 | Reached skill level 10 in Transmutations
 41577 | Vaults:3 | Noticed Frederick
 41584 | Vaults:3 | Killed Frederick
 41585 | Vaults:3 | Reached skill level 20 in Spellcasting
 41783 | Vaults:3 | Reached XP level 20. HP: 103/120 MP: 41/46
 42356 | Vaults:3 | Learned a level 8 spell: Borgnjor's Revivification
 42906 | Vaults:3 | Found Seriynt's Assorted Antiques.
 43183 | Vaults:4 | Found Isov's Assorted Antiques.
 43191 | Vaults:4 | Bought an ancient ring mail for 414 gold pieces
 43191 | Vaults:4 | Identified the +4 ring mail of the Volcano {rPois Str+7
                  | Dex-4} (You bought it in a shop on level 4 of the Vaults)
 43191 | Vaults:4 | Bought a scroll of enchant weapon for 345 gold pieces
 43204 | Vaults:4 | Reached skill level 21 in Spellcasting
 44043 | Vaults:4 | Reached skill level 5 in Shields
 44601 | Vaults:4 | Found Amauhoor's Magic Scroll Shoppe.
 44625 | Vaults:4 | Found Rieh's Assorted Antiques.
 44849 | Vaults:4 | Noticed a golden dragon
 44852 | Vaults:4 | Reached skill level 15 in Ranged Weapons
 44860 | Vaults:4 | Killed a golden dragon
 44870 | Vaults:4 | Found the +8 storm bow {elec, penet}
 45512 | Vaults:4 | Found Luedgh's Book Emporium.
 45855 | Vaults:4 | Bought the Unrestrained Analects for 616 gold pieces
 46126 | Elf:1    | Entered Level 1 of the Elven Halls
 46150 | Elf:1    | Reached skill level 1 in Fire Magic
 46287 | Elf:1    | Reached XP level 21. HP: 81/127 MP: 8/48
 46292 | Elf:1    | Identified a +7 hand crossbow of pain (a +5 hand crossbow
                  | of flaming bloodied by Kikubaaqudgha)
 46292 | Elf:1    | Received a gift from Kikubaaqudgha
 46561 | Elf:1    | Acquired 800 gold pieces
 46590 | Elf:1    | Found Lynkopud's Antique Weapon Shop.
 46592 | Elf:1    | Found Gehimiv's Distillery.
 46592 | Elf:1    | Found Veleck's Armour Shop.
 46598 | Elf:1    | Found Laohul's Magic Scroll Boutique.
 46604 | Elf:1    | Bought a scroll of enchant weapon for 135 gold pieces
 46608 | Elf:1    | Bought the +2 cloak "Qiofufol" {rC++ Will- rCorr Dex+9} for
                  | 1008 gold pieces
 46981 | Elf:1    | Reached skill level 15 in Necromancy
 48072 | Elf:2    | Found a runed translucent gate.
 48073 | Elf:2    | Found a runed translucent gate.
 48073 | Elf:2    | Found a runed translucent gate.
 48128 | Elf:2    | Reached skill level 5 in Fire Magic
 48793 | Elf:2    | Noticed Louise
 48804 | Elf:2    | Killed Louise
 49528 | Elf:2    | Reached skill level 22 in Spellcasting
 49920 | Elf:3    | Entered Level 3 of the Elven Halls
 50142 | Elf:3    | Identified the +8 chain mail of Tenacity {Fly rCorr Int-3}
 50354 | Elf:3    | Found Luzuy's Jewellery Shop.
 50355 | Elf:3    | Found Itom's Book Emporium.
 50355 | Elf:3    | Found Tuseacaa's Book Emporium.
 50361 | Elf:3    | Bought a book of the Hunter for 390 gold pieces
 50365 | Elf:3    | Learned a level 3 spell: Portal Projectile
 50420 | Elf:3    | Noticed Bai Suzhen
 50429 | Elf:3    | Killed Bai Suzhen
 50748 | Elf:3    | Reached skill level 10 in Fire Magic
 50957 | Elf:3    | Learned a level 5 spell: Yara's Violent Unravelling
 51172 | Elf:3    | Identified the amulet of Ahoet {Faith Will+ Str+3 SInv}
 51920 | Elf:3    | Identified the +7 short sword of Wocheed {spect, Drain
                  | Str+10}
 51924 | Elf:3    | Reached skill level 23 in Spellcasting
 51933 | Elf:3    | Noticed Saint Roka
 51967 | Elf:3    | Identified the +8 short sword of Fate {freeze, *Rage Str+6}
 52159 | Elf:3    | Killed Saint Roka
 52196 | Elf:3    | Your ally Saint Roka died
 52205 | Elf:3    | Bought a manual of Necromancy for 1120 gold pieces
 52457 | Elf:3    | Noticed Zenata
 52465 | Elf:3    | Killed Zenata
 52582 | Elf:3    | Identified the ring "Wiaher" {AC+4 Int+3}
 52692 | Elf:3    | Found the +1 cloak of Starlight {*Dazzle EV+4 Stlth--}
 52718 | Elf:3    | Got the Encyclopedia of United Stones
 53168 | Crypt:1  | Entered Level 1 of the Crypt
 53218 | Crypt:1  | Reached XP level 22. HP: 108/132 MP: 3/51
 53399 | Crypt:1  | Noticed Mennas
 53424 | Crypt:1  | Killed Mennas
 55874 | Crypt:3  | Entered Level 3 of the Crypt
 55884 | Crypt:3  | Reached skill level 24 in Spellcasting
 56058 | Crypt:3  | Found a magical portal.
 56063 | WizLab   | Entered Borgnjor's Mausoleum
 56253 | WizLab   | Reached skill level 25 in Spellcasting
 56440 | WizLab   | Learned a level 8 spell: Ignition
 56716 | WizLab   | Got Borgnjor's Omnibus of Darkness
 56723 | WizLab   | Learned a level 2 spell: Sublimation of Blood
 56985 | Crypt:3  | Identified the +2 spear "Qiohall" {vorpal, rC+}
 57841 | Crypt:3  | Found the +8 lance "Wyrmbane" {slay drac, rPois rF+ rC+
                  | AC+3}
 57841 | Crypt:3  | Found the +8 autumn katana {vorpal, manifold assault}
 57931 | Crypt:3  | Found a staircase to the Tomb.
 58000 | Crypt:3  | Noticed a dread lich
 58005 | Crypt:3  | Killed a dread lich
 58009 | Crypt:3  | Noticed an ancient lich
 58014 | Crypt:3  | Killed an ancient lich
 58616 | Slime:1  | Entered Level 1 of the Pits of Slime
 58849 | Slime:1  | Reached XP level 23. HP: 84/127 MP: 46/54
 59659 | Slime:3  | Noticed Dissolution
 59668 | Slime:3  | Killed Dissolution
 59828 | Slime:4  | Reached skill level 15 in Dodging
 60696 | Slime:5  | Entered Level 5 of the Pits of Slime
 60712 | Slime:5  | Noticed the Royal Jelly
 61045 | Slime:5  | Killed the Royal Jelly
 61150 | Slime:5  | Identified the amulet of Patience {Faith Dex+3 Stlth+}
 61158 | Slime:5  | Got a slimy rune of Zot
 61208 | Slime:5  | Identified the +1 rapier of Karma {venom, rElec rPois Will-
                  | Str+4}
 61214 | Slime:5  | Got Sif Muna's Tractate on Rallying
 61228 | Slime:5  | Got the Incunable of the Tesseract and Calefaction
 61241 | Slime:5  | Identified the +1 scale mail "Udosac" {Slay+3}
 61842 | Vaults:5 | Entered Level 5 of the Vaults
 61853 | Vaults:5 | Noticed an ancient lich
 61864 | Vaults:5 | Killed an ancient lich
 61879 | Vaults:5 | Reached XP level 24. HP: 63/135 MP: 9/54
 61939 | Vaults:5 | Noticed a dread lich
 61939 | Vaults:5 | Identified the +2 flail "Riciaj" {vorpal, SInv}
 61939 | Vaults:5 | Identified the ring "Impykia" {rPois rC- AC+4 Str+7 Int-4}
 61949 | Vaults:5 | Killed a dread lich
 61952 | Vaults:5 | Noticed an ancient lich
 61959 | Vaults:5 | Killed an ancient lich
 61995 | Vaults:5 | Reached skill level 15 in Fighting
 62612 | Vaults:5 | Identified the ring of Yrent {AC+4 Slay+2 Stlth+}
 63263 | Vaults:5 | Learned a level 2 spell: Wereblood
 63912 | Vaults:5 | Got a silver rune of Zot
 64260 | Vaults:5 | Acquired the ring of Ignis's Fury {Fly rElec rF+ rN+
                  | Slay-2}
 64571 | Orc:2    | Bought a potion of haste for 110 gold pieces
 64571 | Orc:2    | Bought a potion of curing for 33 gold pieces
 64571 | Orc:2    | Bought a potion of brilliance for 44 gold pieces
 64572 | Orc:2    | Bought a potion of heal wounds for 75 gold pieces
 64572 | Orc:2    | Bought a potion of heal wounds for 75 gold pieces
 64572 | Orc:2    | Bought a potion of curing for 45 gold pieces
 64640 | Elf:1    | Bought a potion of heal wounds for 90 gold pieces
 64640 | Elf:1    | Bought a potion of resistance for 180 gold pieces
 64866 | D:15     | Noticed Kirke
 64870 | D:15     | Killed Kirke
 65023 | D:15     | Found a staircase to the Depths.
 65135 | Depths:1 | Entered Level 1 of the Depths
 65543 | Depths:1 | Gained mutation: You occasionally lose the ability to read
                  | scrolls when taking damage. [a shining eye]
 65573 | Depths:1 | Found a gateway to Hell.
 65698 | Depths:1 | Lost mutation: You occasionally lose the ability to read
                  | scrolls when taking damage. [potion of mutation]
 65698 | Depths:1 | Gained mutation: You have an increased reservoir of magic.
                  | (+10% MP) [potion of mutation]
 65698 | Depths:1 | Gained mutation: Your mind is acute. (Int +4, Str/Dex -1)
                  | [potion of mutation]
 65698 | Depths:1 | Gained mutation: You are frail. (-10% HP) [potion of
                  | mutation]
 65767 | Depths:1 | Found a one-way gate leading to the halls of Pandemonium.
 66031 | Depths:1 | Lost mutation: You have an increased reservoir of magic.
                  | (+10% MP) [potion of mutation]
 66031 | Depths:1 | Lost mutation: Your mind is acute. (Int +4, Str/Dex -1)
                  | [potion of mutation]
 66031 | Depths:1 | Lost mutation: You are frail. (-10% HP) [potion of
                  | mutation]
 66031 | Depths:1 | Gained mutation: You occasionally lose the ability to drink
                  | potions when taking damage. [potion of mutation]
 66031 | Depths:1 | Gained mutation: You are frail. (-10% HP) [potion of
                  | mutation]
 66031 | Depths:1 | Gained mutation: You expend magic power (3 MP) to
                  | strengthen your wands. [potion of mutation]
 66032 | Depths:1 | Lost mutation: You occasionally lose the ability to drink
                  | potions when taking damage. [potion of mutation]
 66032 | Depths:1 | Lost mutation: You expend magic power (3 MP) to strengthen
                  | your wands. [potion of mutation]
 66032 | Depths:1 | Lost mutation: You are frail. (-10% HP) [potion of
                  | mutation]
 66032 | Depths:1 | Gained mutation: You occasionally lose the ability to read
                  | scrolls when taking damage. [potion of mutation]
 66032 | Depths:1 | Gained mutation: You have a somewhat thin skeletal
                  | structure. (Dex +2, Stealth+) [potion of mutation]
 66033 | Depths:1 | Lost mutation: You occasionally lose the ability to read
                  | scrolls when taking damage. [potion of mutation]
 66033 | Depths:1 | Lost mutation: You have a somewhat thin skeletal structure.
                  | (Dex +2, Stealth+) [potion of mutation]
 66033 | Depths:1 | Gained mutation: You occasionally lose the ability to drink
                  | potions when taking damage. [potion of mutation]
 66034 | Depths:1 | Lost mutation: You occasionally lose the ability to drink
                  | potions when taking damage. [potion of mutation]
 66034 | Depths:1 | Gained mutation: Your flesh is heat resistant. (rF+)
                  | [potion of mutation]
 66034 | Depths:1 | Gained mutation: You are weak. (Str -2) [potion of
                  | mutation]
 66034 | Depths:1 | Gained mutation: Your magical capacity is low. (-10% MP)
                  | [potion of mutation]
 66175 | Depths:1 | Identified the +0 pair of boots "Ylextop" {rElec rC- Regen+
                  | Str-3}
 67354 | Depths:1 | Found a one-way gateway to a ziggurat.
 67418 | Depths:1 | Identified the +7 double sword of Mayhem {drain, *Rage rN++
                  | Str+2 SInv}
 67423 | Depths:1 | Reached skill level 26 in Spellcasting
 67898 | Depths:1 | Learned a level 7 spell: Spellforged Servitor
 68210 | Depths:2 | Reached skill level 1 in Summonings
 68313 | Depths:2 | Found Goffuj's Book Emporium.
 68359 | Depths:2 | Found a large runed translucent door.
 68360 | Depths:2 | Found a large runed translucent door.
 68391 | Depths:2 | Noticed a royal mummy
 68397 | Depths:2 | Killed a royal mummy
 68559 | Depths:2 | Reached skill level 5 in Summonings
 68559 | Depths:2 | Reached XP level 25. HP: 144/144 MP: 16/49
 69668 | Depths:2 | Found a white marble altar of Elyvilon.
 69668 | Depths:2 | Found a glowing silver altar of Zin.
 69669 | Depths:2 | Found a glowing golden altar of the Shining One.
 70182 | Depths:3 | Identified the +4 chain mail of Happy Babbling {Rampage rC+
                  | Will+}
 70268 | Depths:3 | Reached skill level 10 in Long Blades
 70663 | Depths:3 | Found a basalt altar of Yredelemnul.
 72157 | Depths:3 | Found a one-way gate to the infinite horrors of the Abyss.
 72394 | Depths:3 | Voluntarily entered the Abyss.
 72449 | Abyss:2  | Reached skill level 15 in Fire Magic
 72477 | Abyss:2  | Paralysed by accursed screaming for 1 turns
 73921 | Abyss:3  | Found a corrupted altar of Lugonu.
 73979 | Abyss:3  | Found a sacrificial altar of Ru.
 74029 | Abyss:3  | Got an abyssal rune of Zot
 74122 | Depths:3 | Escaped the Abyss
 74289 | Hell     | Entered the Vestibule of Hell
 74290 | Hell     | Noticed Geryon
 74291 | Hell     | Reached XP level 26. HP: 153/153 MP: 36/49
 74308 | Hell     | Killed Geryon
 74316 | Hell     | Killed from afar by a hell hog

Illustrated notes

Levels and vault maps discovered:
D:1:      lightli_iron_boxes, layout_basic, shapermc_ecumenical_altar_venn
D:2:      minmay_door_path, layout_basic, basic_altar,
          kennysheep_generic_room_12, uniq_natasha
D:3:      layout_rooms, uniq_robin
D:4:      layout_loops_ring, nicolae_wu_jian_wuxing_cycle,
          mainiacjoe_overflow_catwalk, minmay_temple_entry_ruins,
          serial_aquarium, aquarium_bridge_straight [aquarium_subvault_bridge,
          aquarium_subvault_wall, aquarium_subvault_bridge,
          aquarium_subvault_window], aquarium_bridge_long_joined
          [aquarium_subvault_bridge, aquarium_subvault_bridge,
          aquarium_subvault_window, aquarium_subvault_wall,
          aquarium_subvault_bridge, aquarium_subvault_balcony],
          aquarium_window_2, aquarium_window_2, aquarium_view_2d,
          aquarium_view_2g, minivault_19
D:5:      layout_loops_corners, lemuel_tele_altar, dreamdust_princess_corridor,
          uniq_blork_the_orc
D:6:      layout_basic, amcnicky_altar_gilded, minmay_manual_mail
D:7:      layout_basic, mainiacjoe_overflow_tiny_flanked,
          minmay_gold_behind_fungi, hangedman_decor_push, grunt_ministairs_15
D:8:      gammafunk_the_bubble [the_bubble_gammafunk_roulette],
          layout_loops_corners, mainiacjoe_overflow_boulevard,
          nicolae_hepliaklqana_monster_ancestors, lemuel_doored_altar
D:9:      layout_basic, lemuel_round_altar, gammafunk_temple_overflow_statue,
          uniq_pikel, uniq_maurice, uniq_harold
D:10:     layout_irregular_city, enter_trove_2
D:11:     hangedman_cross_stitches, layout_loops_ring, minmay_lair_entry_grove,
          gauntlet_entry_generic, minivault_1, minmay_st_funbox, tso_altar
D:12:     layout_basic, erik_orc_1, serial_shops, nicolae_stop_n_shop_2,
          blue_anna_alchemist, uniq_rupert
D:13:     layout_stronghold
D:14:     minmay_coctagon, layout_gridville, lightli_vaults_fourway_checkpoint,
          fedhas_altar_3
D:15:     grunt_enter_depths_magical_seal, layout_layer_cave, uniq_kirke
Temple:   chequers_temple_sunken
Lair:1:   gammafunk_cloud_chamber, layout_gridlike, grunt_megastairs_5
Lair:2:   layout_loops_ring, palyth_hydra_swamp_entry, grunt_megastairs_4,
          uniq_urug
Lair:3:   layout_regular_city, dummy_spider_entry, infiniplex_staircase_pool_2,
          uniq_josephine, uniq_nessos
Lair:4:   layout_layer_cave, slime_entry_1
Lair:5:   hangedman_lair_in_review, layout_misc_corridors,
          guppyfry_lair_end_dragon, st_stairs_6
Swamp:1:  layout_basic_swamp, serial_swamp_ruin, hangedman_swamp_ruin_hall,
          evilmike_swamp_ruin_house_4, evilmike_swamp_ruin_house_3
Swamp:2:  layout_basic_swamp, evilmike_swamp_ruin_house_2
Swamp:3:  layout_falls_marsh, nicolae_swamp_bean_lake, uniq_roxanne
Swamp:4:  swamp_pestilence, layout_basic_swamp, swamp_pool1
Spider:1: layout_spider_delve
Spider:2: layout_spider_delve
Spider:3: layout_spider_delve, hangedman_spider_tarantella_strand
Spider:4: guppyfry_spider_rune
Slime:1:  layout_caves, nicolae_slime_phagocytosis
Slime:2:  layout_caves
Slime:3:  layout_caves, dissolution_awaits
Slime:4:  layout_caves
Slime:5
Orc:1:    layout_diamond_mine, serial_shops, shop, uniq_gastronok
Orc:2:    st_orc_ogre_mass, layout_caves, serial_shops, nicolae_shop_trees,
          nicolae_orc_lost_temple
Elf:1:    eino_elf_arrival_the_gate, layout_loops_cross,
          kennysheep_underground_church, corexii_leaking_fountain,
          minmay_shoptagon, lemuel_upstairs_altar
Elf:2:    nicolae_elf_blades_splatter_lattice [nicolae_blade_tridents],
          layout_geoelf_octagon, grunt_megastairs_1, uniq_louise
Elf:3:    minmay_elf_hall_dome, layout_loops_cross, laboratory,
          minmay_shop_grove, uniq_saint_roka, uniq_bai_suzhen, uniq_zenata
Vaults:1: not_door_vault_mu, vaults_standard_mumra_enter_the_diamond,
          nicolae_vaults_angled_halls, v_misc_11, vaults_room_grid,
          hangedman_vaults_corner_blocks, vaults_room_glass_cross,
          hangedman_vaults_restitches, v_misc_32, vaults_room_pools, v_misc_27,
          vaults_dpeg_hooks, vaults_room_fancy_cross, hangedman_vaults_trim,
          layout_vaults_omnicross, uniq_asterion
Vaults:2: minmay_crypt_entry_necro_gods, ontoclasm_vaults_eye,
          ontoclasm_vaults_ring_square, v_misc_23, vaults_dpeg_emergency_exit,
          v_alt_pattern_1, ontoclasm_vaults_gallery,
          nicolae_vaults_ring_of_whatevers, layout_vaults_quadrants, uniq_jory
Vaults:3: ontoclasm_vaults_decontamination, v_misc_12, hangedman_vaults_maws,
          ontoclasm_vaults_ring_large, ontoclasm_vaults_ligature,
          vaults_room_large_hall, v_misc_27, vaults_mumra_hex, v_misc_17,
          nicolae_vaults_what_the_h, nicolae_vaults_little_ls,
          nicolae_vaults_rhombus_6, nicolae_vaults_alarming,
          nicolae_vaults_rhombus_7, st_cells, layout_vaults_maze_snakey,
          serial_shops, nicolae_diamond_shop, uniq_frederick
Vaults:4: minmay_guarded_unrand_secular_launcher, dpeg_vaults_monster_box,
          grunt_vaults_diagonal, vaults_room_fours, v_misc_14,
          layout_vaults_chaotic_city, serial_shops, shop,
          nicolae_shop_statue_plus, nicolae_shop_advertising_works
          [nicolae_subvault_shop_adworks], shop
Vaults:5
Crypt:1:  layout_misc_corridors, roderic_lattice_octagonal_star, uniq_mennas
Crypt:2:  layout_misc_corridors
Crypt:3:  david_glass_crypt, layout_gridlike,
          nicolae_tomb_entry_unfolded_pyramid_orthogonal,
          infiniplex_enter_wizlab_spiral
Depths:1: layout_basic, enter_ziggurat_a, nicolae_titane, pan_entry,
          nicolae_hell_entry_hellmouth_sunbeams, serial_sigils_hangedman_carve,
          nicolae_rock_paper_scissors
Depths:2: lightli_eight_chambers, layout_gridville, pf_hell_entry_tar_spiral,
          good_gods_temple_1, pan_entry, serial_shops, nicolae_take_the_stairs
Depths:3: kennysheep_spiral_hall, layout_basic, pan_entry,
          hangedman_coc_ice_floe, serial_sigils_hangedman_scratch,
          minmay_room_of_horrors, minmay_misc_feat_alley,
          nicolae_yredelemnul_corpse_copse
Hell

Skill      XL: |  1  2  3  4  5  6  7  8  9 10 11 12 13 14 15 16 17 18 19 20 21 22 23 24 25 |
---------------+----------------------------------------------------------------------------+-----
Stealth        | 3 4 |  4.0
Fighting       | 1 2 3 4 5 8 9 10 11 12 13 14 16 17 | 17.0
Necromancy     | 2 3 4 5 6 9 10 13 14 15 17 18 | 18.0
Dodging        | 3 4 5 7 9 11 12 13 14 15 17 | 17.0
Ranged Weapons | 1 3 4 6 10 13 15 16 | 16.0
Spellcasting   | 4 5 7 9 11 12 14 15 17 19 20 21 23 25 26 | 26.0
Armour         | 1 2 3 4 5 6 |  6.0
Hexes          | 1 4 |  4.0
Conjurations   | 3 4 7 10 11 13 15 | 15.0
Earth Magic    | 3 4 6 9 10 11 12 14 15 16 | 16.0
Shields        | 3 4 5 6 |  6.0
Short Blades   | 1 5 |  5.0
Ice Magic      | 5 |  5.0
Evocations     | 1 |  1.0
Transmutations | 3 8 10 11 | 11.0
Long Blades    | 5 6 8 9 13 | 13.9
Fire Magic     | 2 10 12 14 15 | 15.0
Summonings     | 5 7 |  7.0

Action                   |  1- 3 |  4- 6 |  7- 9 | 10-12 | 13-15 | 16-18 | 19-21 | 22-24 | 25-27 || total
-------------------------+-------+-------+-------+-------+-------+-------+-------+-------+-------++-------
Melee: Whip              |     1 |       |       |       |       |       |       |       |       ||     1
       Dagger            |     7 |     3 |       |       |       |     7 |       |       |       ||    17
       Punch             |       |     1 |       |       |       |       |       |       |       ||     1
       Falchion          |       |       |       |     8 |       |     3 |    10 |     1 |       ||    22
       Staff             |       |       |       |     5 |     2 |     4 |       |     1 |       ||    12
       Scimitar          |       |       |       |       |       |       |    54 |   184 |       ||   238
       Katana            |       |       |       |       |       |       |       |    62 |    35 ||    97
       Double sword      |       |       |       |       |       |       |       |     2 |   223 ||   225
 Fire: Sling             |       |    44 |    59 |   102 |    43 |       |     7 |       |       ||   255
       Hand crossbow     |       |       |       |       |   169 |   156 |   163 |   264 |   127 ||   879
Throw: Stone             |     1 |       |       |       |       |       |       |       |       ||     1
       Dart              |     2 |       |       |       |       |       |       |       |       ||     2
 Cast: Freeze            |    19 |    17 |    20 |     1 |       |       |       |       |       ||    57
       Necrotise         |    46 |    21 |       |       |       |       |       |       |       ||    67
       Frozen Ramparts   |     1 |     8 |     9 |     7 |       |       |       |       |       ||    25
       Animate Dead      |       |     4 |     4 |    11 |    21 |    17 |    15 |    17 |       ||    89
       Anguish           |       |     1 |     6 |     3 |     5 |     1 |       |       |       ||    16
       Slow              |       |       |     3 |    13 |     1 |       |       |       |       ||    17
       Borgnjor's Vile C |       |       |     4 |    76 |   145 |   134 |    94 |    52 |     7 ||   512
       Hailstorm         |       |       |     1 |    13 |     6 |     3 |     3 |       |       ||    26
       Lee's Rapid Decon |       |       |       |    39 |    58 |    49 |   198 |   188 |    46 ||   578
       Death Channel     |       |       |       |    11 |    47 |    46 |    49 |    27 |    12 ||   192
       Irradiate         |       |       |       |       |     9 |    12 |     5 |    21 |    12 ||    59
       Ozocubu's Armour  |       |       |       |       |     4 |    12 |    26 |    23 |     9 ||    74
       Wereblood         |       |       |       |       |     1 |     1 |     3 |     3 |    18 ||    26
       Lehudib's Crystal |       |       |       |       |       |     5 |    73 |    63 |    22 ||   163
       Necromutation     |       |       |       |       |       |       |     5 |    63 |    15 ||    83
       Portal Projectile |       |       |       |       |       |       |     6 |    39 |     2 ||    47
       Yara's Violent Un |       |       |       |       |       |       |     5 |     6 |     2 ||    13
       Ignition          |       |       |       |       |       |       |       |    27 |    22 ||    49
       Sublimation of Bl |       |       |       |       |       |       |       |    25 |     5 ||    30
       Borgnjor's Revivi |       |       |       |       |       |       |       |     2 |       ||     2
       Spellforged Servi |       |       |       |       |       |       |       |     2 |    23 ||    25
Invok: Unearth Wretches  |       |       |       |     1 |     2 |     3 |       |     1 |       ||     7
       Torment           |       |       |       |       |       |     1 |       |       |       ||     1
       Brand Weapon With |       |       |       |       |       |       |     1 |       |       ||     1
 Abil: End Transformatio |       |       |       |       |       |       |     3 |    11 |     2 ||    16
Evoke: Phantom mirror    |       |       |       |       |     1 |       |       |       |       ||     1
  Use: Scroll            |       |       |     7 |    14 |    13 |     5 |     5 |     9 |     2 ||    55
       Potion            |       |       |       |       |     4 |     3 |     3 |    24 |     2 ||    36
 Stab: Sleeping          |     2 |     2 |       |       |       |       |       |       |     1 ||     5
       Distracted        |       |       |       |       |       |     1 |     4 |     6 |    10 ||    21
       Paralysed         |       |       |       |       |       |       |       |     2 |       ||     2
       Invisible         |       |       |       |       |       |       |       |     2 |     2 ||     4
Armor: Robe              |     3 |       |       |       |     8 |    33 |    16 |       |       ||    60
       Ring mail         |       |     3 |    10 |     2 |       |       |       |       |       ||    15
       Leather armour    |       |       |       |    23 |     2 |       |     8 |    70 |    39 ||   142
Dodge: Dodged            |     6 |     3 |    13 |    51 |    66 |   102 |   201 |   332 |   225 ||   999
Block: Buckler           |       |       |     5 |    28 |    36 |    94 |   157 |   214 |   188 ||   722
       Reflection        |       |       |       |       |       |     4 |    22 |     4 |     6 ||    36
